[Event "Titled Tuesday Blitz August 16 Early 2022"]
[White "Acor, Corey"]
[Black "Padmini, Rout"]
[WhiteFideId "2024861"]
[BlackFideId "5029295"]
[WhiteElo "2340"]
[BlackElo "2181"]
[Result "1-0"]
[Round "01"]
[TimeControl "180+1"]
[Date "2022.08.16"]
[WhiteClock "0:00:13"]
[BlackClock "0:00:03"]

1. e4 e5 2. Nf3 Nc6 3. Bc4 Nf6 4. d3 Be7 5. a3 O-O 6. Nc3 d6 7. h3 Be6 8. O-O h6 9. Re1 Qc8 10. Nd5 Re8 11. Kh2 Bd8 12. Bd2 Nb8 13. d4 Nbd7 14. Bc3 c6 15. Nxf6+ Bxf6 16. Bxe6 Rxe6 17. d5 cxd5 18. Qxd5 Nb6 19. Qd2 Na4 20. Bb4 Nxb2 21. Rab1 Nc4 22. Qd3 b5 23. Bd2 Qc6 24. Bc1 Rc8 25. Re2 a6 26. Rb4 Bd8 27. Rb1 Bb6 28. Nh4 Kh7 29. Nf5 Bd8 30. Qf3 Qd7 31. Rb3 Bf6 32. Rd3 Bd8 33. Re1 Rc6 34. Red1 Qb7 35. h4 Rg6 36. h5 Re6 37. Qg4 Bf6 38. Ng3 Qc7 39. Qf5+ Kg8 40. Qg4 Kh7 41. Nf5 a5 42. Rb3 Rb6 43. Rd5 b4 44. a4 Rc6 45. Rg3 Nb6 46. Nxg7 Nxd5 47. Nxe6 fxe6 48. Qg8# 1-0


[Site "https://www.chess.com"]

[Event "Titled Tuesday Blitz August 16 Early 2022"]
[White "Agasarov, Benik"]
[Black "Pasti, Aron"]
[WhiteFideId "13314823"]
[BlackFideId "785857"]
[WhiteElo "2152"]
[BlackElo "2079"]
[Result "0-1"]
[Round "01"]
[TimeControl "180+2"]
[Date "2022.08.18"]
[WhiteClock "0:00:00"]
[BlackClock "0:00:00"]

1. e4 c5 2. Nf3 e6 3. d4 cxd4 4. Nxd4 Nc6 5. Nc3 Qc7 6. g4 a6 7. Nxc6 bxc6 8. Bg2 d5 9. Qd3 Nf6 10. g5 Nd7 11. O-O Bc5 12. Kh1 O-O 13. f4 Bb7 14. f5 dxe4 15. Nxe4 exf5 16. Nxc5 Nxc5 17. Qxf5 Ne6 18. Bd2 c5 19. Bc3 Bxg2+ 20. Kxg2 Qc6+ 21. Kg1 Rad8 22. Rad1 Nd4 23. Qf2 Nf3+ 24. Kh1 Ne1+ 25. Kg1 Rxd1 26. Bxe1 Qe6 27. h4 Re8 28. Bc3 Qg4+ 29. Qg2 Rxf1+ 30. Kxf1 Qd1+ 31. Kf2 Re2+ 0-1


[Site "https://www.chess.com"]

[Event "Titled Tuesday Blitz August 16 Early 2022"]
[White "Aggelis, Nikolaos"]
[Black "Gonzalez Vega, Alejandro"]
[WhiteFideId "4213220"]
[BlackFideId "3510042"]
[WhiteElo "2154"]
[BlackElo "2092"]
[Result "1-0"]
[Round "01"]
[TimeControl "180+2"]
[Date "2022.08.18"]
[WhiteClock "0:00:00"]
[BlackClock "0:00:00"]

1. d4 d5 2. Nf3 Nf6 3. c4 e6 4. g3 Be7 5. Bg2 O-O 6. O-O dxc4 7. Qc2 a6 8. a4 Nc6 9. Qxc4 Na5 10. Qc3 Nc6 11. Bf4 Nd5 12. Qc4 Na5 13. Qc2 Bd7 14. Nc3 Nxf4 15. gxf4 c5 16. dxc5 Bxc5 17. Rfd1 Qe7 18. Ne5 Bc6 19. Nxc6 Nxc6 20. Bxc6 bxc6 21. Ne4 Ba7 22. e3 Qh4 23. Qe2 Qh3 24. Qf1 Qf5 25. Ng3 Qa5 26. Qe1 Qxe1+ 27. Rxe1 Rab8 28. Re2 Rb3 29. Rc2 c5 30. Ne4 Rfb8 31. Nxc5 Bxc5 32. Rxc5 Rxb2 33. Ra5 R8b6 34. Rc1 g6 35. Rac5 Kg7 36. a5 R6b5 37. Kg2 Ra2 38. Rc7 Raxa5 39. Ra7 Rc5 40. Rd1 Rc2 41. Rdd7 Rf5 42. Rxa6 h5 43. h4 Kf6 44. Raa7 Kg7 45. Rab7 Re2 46. Kf3 Rc2 47. Ra7 Rc3 48. Re7 Rc4 49. Reb7 Rf6 50. Rb8 Rc3 51. Raa8 Rf5 52. Ke4 Rc4+ 53. Kd3 Rcc5 54. Ke2 Rc2+ 55. Kf3 Rcc5 56. Kg3 Rc3 57. Rd8 Kf6 58. Rdb8 e5 59. Ra6+ Kg7 60. fxe5 Rxe5 61. Rb4 Rf5 62. Raa4 Rcc5 63. Rf4 Rxf4 64. Rxf4 Rc2 65. Rd4 Rc6 66. f3 Rf6 67. e4 Re6 68. Rd7 Kf6 69. Kf4 Re7 70. Rd6+ Re6 71. Rd8 Re7 72. Ra8 Re6 73. Ra7 Re7 74. Ra6+ Re6 75. e5+ Ke7 76. Ra7+ Kf8 77. Ke4 Kg7 78. f4 Rb6 79. Ra4 Rc6 80. f5 gxf5+ 81. Kxf5 Re6 82. Re4 Kh7 83. Kg5 Kg7 84. Kxh5 f6 85. exf6+ Kxf6 86. Rxe6+ Kg7 87. Kg5 1-0


[Site "https://www.chess.com"]

[Event "Titled Tuesday Blitz August 16 Early 2022"]
[White "Ajay, Karthikeyan"]
[Black "Leve, Nitai"]
[WhiteFideId "35011685"]
[BlackFideId "2006898"]
[WhiteElo "2168"]
[BlackElo "2144"]
[Result "1-0"]
[Round "01"]
[TimeControl "180+2"]
[Date "2022.08.18"]
[WhiteClock "0:00:00"]
[BlackClock "0:00:00"]

1. e4 c6 2. Nf3 d5 3. Nc3 dxe4 4. Nxe4 Bf5 5. Ng3 Bg6 6. h4 h6 7. Ne5 Bh7 8. Bc4 e6 9. Qh5 g6 10. Qe2 Qd6 11. d4 Bg7 12. c3 Ne7 13. Ne4 Qd8 14. Bf4 Nd5 15. Bg3 O-O 16. O-O-O Nd7 17. Kb1 Nxe5 18. Bxe5 f6 19. Bg3 b5 20. Bd3 f5 21. Nc5 Kh8 22. Be5 Bg8 23. f4 Bxe5 24. Qxe5+ Qf6 25. g3 Qxe5 26. dxe5 Rad8 27. Rhe1 h5 28. Bf1 Bf7 29. Bg2 Kg7 30. Bxd5 Rxd5 31. Rxd5 cxd5 32. b4 Rc8 33. Kc2 Kf8 34. Kd3 Ke7 35. Kd4 Be8 36. Ra1 Ra8 37. Nb7 Rb8 38. Na5 Rc8 39. a3 Rc7 40. Nb3 Rc8 41. Nc5 Ra8 42. a4 bxa4 43. Nxa4 Rc8 44. Nc5 Rc7 45. Ra6 Bd7 46. Rd6 Bc8 47. Kd3 Bd7 48. Kc2 Bc8 49. Kb3 Bd7 50. Ka3 Bc8 51. Ka4 1-0


[Site "https://www.chess.com"]

[Event "Titled Tuesday Blitz August 16 Early 2022"]
[White "Ajay Krishna, S"]
[Black "Drygalov, Sergey"]
[WhiteFideId "5096430"]
[BlackFideId "24171743"]
[WhiteElo "2247"]
[BlackElo "2523"]
[Result "0-1"]
[Round "01"]
[TimeControl "180+1"]
[Date "2022.08.16"]
[WhiteClock "0:00:15"]
[BlackClock "0:00:29"]

1. Nf3 d5 2. g3 Nf6 3. Bg2 c6 4. O-O Bf5 5. c4 e6 6. b3 h6 7. Bb2 Nbd7 8. d4 Bd6 9. Nc3 O-O 10. Nd2 Bh7 11. e4 dxe4 12. Ndxe4 Be7 13. Qe2 Qb6 14. Rad1 Rad8 15. Rd2 Bb4 16. c5 Qc7 17. a3 Nxe4 18. Bxe4 Bxe4 19. axb4 Bg6 20. b5 Nf6 21. Ra1 Ra8 22. Nd1 Qd7 23. bxc6 bxc6 24. Ne3 Rab8 25. Nc4 Be4 26. d5 Bxd5 27. Bxf6 gxf6 28. Qe3 Kg7 29. Rd4 e5 30. Rh4 Rh8 31. Nd6 Rxb3 32. Qd2 Qe6 33. h3 h5 34. Qc1 e4 35. Qf4 Qe5 36. Qxe5 fxe5 37. Nxe4 Rhb8 38. Nd2 Rb2 39. Nf1 Rb1 40. Rxb1 Rxb1 41. Ra4 a5 42. f4 Bb3 43. Ra3 Bc4 44. Rf3 Rxf1+ 45. Rxf1 Bxf1 46. Kxf1 a4 47. Ke2 a3 48. fxe5 a2 49. Kf3 a1=Q 50. Kf4 Qd4+ 51. Kf5 Qxc5 52. g4 hxg4 53. hxg4 Qd5 54. g5 Qe6+ 55. Kf4 Kg6 56. Kg3 Qxe5+ 57. Kh4 Qxg5+ 58. Kh3 Kf5 59. Kh2 Kf4 60. Kh1 Kf3 61. Kh2 c5 0-1


[Site "https://www.chess.com"]

[Event "Titled Tuesday Blitz August 16 Early 2022"]
[White "Andreikin, Dmitry"]
[Black "Goltseva, Ekaterina"]
[WhiteFideId "4158814"]
[BlackFideId "24173770"]
[WhiteElo "2736"]
[BlackElo "2086"]
[Result "1-0"]
[Round "01"]
[TimeControl "180+1"]
[Date "2022.08.16"]
[WhiteClock "0:01:57"]
[BlackClock "0:00:02"]

1. d4 Nf6 2. c4 e6 3. Nf3 d5 4. g3 Bb4+ 5. Bd2 Be7 6. Bg2 O-O 7. O-O Nbd7 8. Nc3 dxc4 9. Bf4 Nd5 10. Rc1 Nxf4 11. gxf4 c5 12. d5 Nf6 13. Ne5 exd5 14. Nxd5 Nxd5 15. Qxd5 Be6 16. Qxb7 Rb8 17. Qxa7 Qe8 18. Bc6 Qd8 19. Bg2 Qe8 20. Nc6 Bd6 21. Nxb8 Bxb8 22. Qxc5 Bxf4 23. e3 Bb8 24. Rfd1 Qa4 25. Bd5 Bg4 26. Rd4 Be2 27. Bxc4 Bxc4 28. Qxc4 Qa5 29. Qd5 Qb6 30. b4 Qh6 31. Qg2 Be5 32. Rdc4 Qb6 33. a3 g6 34. Rc8 Bb2 35. Rxf8+ Kxf8 36. Rc8+ Kg7 37. Qc6 Qa7 38. Ra8 Qe7 39. Qc5 Qf6 40. Qf8# 1-0


[Site "https://www.chess.com"]

[Event "Titled Tuesday Blitz August 16 Early 2022"]
[White "Arslanov, Shamil"]
[Black "Kaasen, Tor Fredrik"]
[WhiteFideId "4192826"]
[BlackFideId "1516647"]
[WhiteElo "2338"]
[BlackElo "2335"]
[Result "0-1"]
[Round "01"]
[TimeControl "180+1"]
[Date "2022.08.16"]
[WhiteClock "0:00:43"]
[BlackClock "0:00:44"]

1. e4 e5 2. Nf3 Nc6 3. Bc4 Nf6 4. d4 exd4 5. O-O Nxe4 6. Re1 d5 7. Nc3 dxc4 8. Rxe4+ Be7 9. Nxd4 f5 10. Bh6 O-O 11. Nxc6 bxc6 12. Rd4 Qe8 13. Bf4 Be6 14. Qe2 Bc5 15. Rxc4 Bb6 16. Ra4 Qf7 17. Re1 Rfe8 18. Qf3 Bb3 19. Rxe8+ Rxe8 20. g3 Bxa4 21. Nxa4 Qc4 22. Qb3 Qxb3 23. axb3 Re2 24. Nxb6 cxb6 25. Bb8 a6 26. Ba7 b5 27. Bd4 Rxc2 0-1


[Site "https://www.chess.com"]

[Event "Titled Tuesday Blitz August 16 Early 2022"]
[White "Astafurov, Arseniy"]
[Black "Bok, Benjamin"]
[WhiteFideId "24175218"]
[BlackFideId "1017063"]
[WhiteElo "2163"]
[BlackElo "2658"]
[Result "0-1"]
[Round "01"]
[TimeControl "180+1"]
[Date "2022.08.16"]
[WhiteClock "0:00:11"]
[BlackClock "0:00:44"]

1. c4 c6 2. e4 d5 3. exd5 cxd5 4. d4 Nf6 5. Nc3 e6 6. Nf3 Be7 7. cxd5 Nxd5 8. Bd3 O-O 9. O-O Nf6 10. Re1 b6 11. Bg5 Bb7 12. Ne5 Nc6 13. Nxc6 Bxc6 14. Bc2 Rc8 15. Qd3 g6 16. Rad1 Nd5 17. Bxe7 Qxe7 18. Bb3 Rfd8 19. Qg3 Nxc3 20. bxc3 Bd5 21. Re5 Qa3 22. Rb1 b5 23. h3 a6 24. Re3 Bxb3 25. axb3 b4 26. h4 Qa2 27. Rbe1 Qxb3 28. cxb4 Qxb4 29. h5 Qxd4 30. hxg6 hxg6 31. Qg5 Rd5 32. Qe7 Rf5 33. g3 Qf6 34. Qd7 Rd8 35. Qc7 Rxf2 36. Qxd8+ Qxd8 37. Kxf2 a5 38. Re4 Qb6+ 39. Kg2 a4 40. Rxa4 Qc6+ 0-1


[Site "https://www.chess.com"]

[Event "Titled Tuesday Blitz August 16 Early 2022"]
[White "Averjanov, Alexey"]
[Black "Pham, Khoi"]
[WhiteFideId "14109867"]
[BlackFideId "1054988"]
[WhiteElo "2399"]
[BlackElo "2376"]
[Result "1-0"]
[Round "01"]
[TimeControl "180+2"]
[Date "2022.08.18"]
[WhiteClock "0:00:00"]
[BlackClock "0:00:00"]

1. d4 f5 2. c4 Nf6 3. Nf3 g6 4. g3 Bg7 5. Bg2 O-O 6. O-O d6 7. b3 Qe8 8. Bb2 c6 9. d5 e5 10. dxe6 Qxe6 11. Nd4 Qe7 12. Nc3 Nbd7 13. e3 Ne5 14. Qc2 Bd7 15. Rfd1 Rae8 16. Rd2 h6 17. Rad1 Kh8 18. Nde2 Nf7 19. Ba3 c5 20. Nf4 Kh7 21. Bxb7 Ne4 22. Bxe4 fxe4 23. Bxc5 Bg4 24. Bxd6 Nxd6 25. Rxd6 Bxd1 26. Rxd1 g5 27. Nfd5 Qe5 28. Nb5 Rf7 29. Nd4 Ref8 30. Rf1 Kh8 31. Kg2 Rc8 32. Qe2 a5 33. Qg4 a4 34. Qxc8+ 1-0


[Site "https://www.chess.com"]

[Event "Titled Tuesday Blitz August 16 Early 2022"]
[White "Baches Garcia, Guillermo"]
[Black "Molina, Roberto Junio Brito"]
[WhiteFideId "2209764"]
[BlackFideId "2109450"]
[WhiteElo "2326"]
[BlackElo "2403"]
[Result "0-1"]
[Round "01"]
[TimeControl "180+2"]
[Date "2022.08.18"]
[WhiteClock "0:00:00"]
[BlackClock "0:00:00"]

1. e4 c6 2. d4 d5 3. exd5 cxd5 4. Bd3 Nc6 5. c3 Qc7 6. Na3 a6 7. Nc2 e6 8. Nf3 Bd6 9. O-O Nge7 10. Re1 h6 11. c4 dxc4 12. Bxc4 b5 13. Bf1 O-O 14. Bd2 Bb7 15. Rc1 Rac8 16. Ne3 Rfd8 17. Ng4 Bf4 18. g3 Bxd2 19. Qxd2 Nf5 20. Bg2 Qd6 21. Red1 Ncxd4 22. Nxd4 Rxc1 23. Rxc1 Bxg2 24. Kxg2 Nxd4 25. Ne3 Nf5 26. Qe2 Qe5 27. Rc3 g6 28. Qc2 Nxe3+ 29. Rxe3 Qd5+ 30. f3 Qd2+ 31. Re2 Qxc2 32. Rxc2 Rd3 33. Kf2 Kg7 34. Ke2 Rd6 35. f4 g5 36. Ke3 gxf4+ 37. Kxf4 Kf6 38. Ke4 Rd5 39. Rc6 a5 40. b3 Rd2 41. Rc5 Rxh2 42. Rxb5 Rxa2 43. Kf4 a4 44. bxa4 Rxa4+ 45. Kf3 Rd4 46. Rh5 Kg6 47. Ra5 Rd5 48. Ra8 Rf5+ 49. Kg4 h5+ 50. Kh4 e5 51. Re8 Kf6 52. Rh8 e4 53. Rh6+ Ke5 54. Re6+ 0-1


[Site "https://www.chess.com"]

[Event "Titled Tuesday Blitz August 16 Early 2022"]
[White "Balabayeva, Xeniya"]
[Black "Costachi, Mihnea"]
[WhiteFideId "13719688"]
[BlackFideId "1217518"]
[WhiteElo "1895"]
[BlackElo "2437"]
[Result "0-1"]
[Round "01"]
[TimeControl "180+2"]
[Date "2022.08.18"]
[WhiteClock "0:00:00"]
[BlackClock "0:00:00"]

1. e4 c5 2. Nf3 d6 3. Bb5+ Nd7 4. O-O a6 5. Bd3 e6 6. c3 Ngf6 7. Bc2 Be7 8. d4 cxd4 9. cxd4 O-O 10. Nc3 b5 11. a3 Bb7 12. Re1 e5 13. dxe5 dxe5 14. Nh4 Nxe4 15. Nxe4 Bxh4 16. Nd6 Bc6 17. Qd3 g6 18. Bh6 Nc5 19. Qd1 Qf6 20. Bxf8 Qxf2+ 0-1


[Site "https://www.chess.com"]

[Event "Titled Tuesday Blitz August 16 Early 2022"]
[White "Balint, Vilmos"]
[Black "Aldokhin, Ivan"]
[WhiteFideId "718050"]
[BlackFideId "24115720"]
[WhiteElo "2059"]
[BlackElo "2246"]
[Result "0-1"]
[Round "01"]
[TimeControl "180+2"]
[Date "2022.08.18"]
[WhiteClock "0:00:00"]
[BlackClock "0:00:00"]

1. Nf3 Nf6 2. g3 g6 3. Bg2 Bg7 4. O-O O-O 5. c4 d6 6. d4 Nbd7 7. h3 e5 8. e3 exd4 9. exd4 Ne4 10. Re1 Re8 11. Nc3 Nxc3 12. bxc3 Nf6 13. Bg5 Rxe1+ 14. Nxe1 h6 15. Bxf6 Qxf6 16. Rb1 Rb8 17. Qa4 a6 18. Qe8+ Bf8 19. Bd5 Qe7 20. Qxe7 Bxe7 21. Kg2 b6 22. Nd3 Bf5 23. Re1 Bf6 24. Nb4 a5 25. Nc6 Rf8 26. Ne7+ Kg7 27. Nxf5+ gxf5 28. Kf3 c5 29. dxc5 bxc5 30. Kf4 Bxc3 31. Kxf5 Bxe1 0-1


[Site "https://www.chess.com"]

[Event "Titled Tuesday Blitz August 16 Early 2022"]
[White "Barp, Alberto"]
[Black "Alexikov, Alexander"]
[WhiteFideId "872555"]
[BlackFideId "14103958"]
[WhiteElo "2229"]
[BlackElo "2253"]
[Result "1-0"]
[Round "01"]
[TimeControl "180+2"]
[Date "2022.08.18"]
[WhiteClock "0:00:00"]
[BlackClock "0:00:00"]

1. d4 Nf6 2. c4 g6 3. Nc3 Bg7 4. e4 d6 5. Nge2 O-O 6. Ng3 c5 7. d5 e6 8. Be2 exd5 9. exd5 Re8 10. O-O a6 11. a4 b6 12. Bf4 Ra7 13. Qd2 Rae7 14. Rfe1 Qc7 15. h3 h5 16. Bd3 Nbd7 17. b3 Ne5 18. Be2 Bd7 19. Bg5 Bc8 20. Nge4 Ned7 21. Ng3 Kh7 22. f4 Kg8 23. Bd3 Rxe1+ 24. Rxe1 Rxe1+ 25. Qxe1 Bf8 26. Nf1 Kg7 27. Nd2 Qd8 28. Nf3 Be7 29. Qd2 Nf8 30. f5 Ng8 31. fxg6 fxg6 32. Ne4 Nf6 33. Bh6+ Kh7 34. Neg5+ Kg8 35. Qf4 Qe8 36. Nh4 N6h7 37. Nxh7 Kxh7 38. Bxf8 Qxf8 39. Bxg6+ Kg7 40. Qxf8+ Kxf8 41. Nf3 h4 42. Kf2 Kg7 43. Be4 Bf6 44. Ke3 Bd7 45. Bd3 Kh6 46. Kf4 Kh5 47. Bf5 Be8 48. Bg4+ Kg6 49. Bc8 b5 50. a5 bxc4 51. bxc4 Bd8 52. Bxa6 Bxa5 53. Nxh4+ Kf6 54. Nf5 1-0


[Site "https://www.chess.com"]

[Event "Titled Tuesday Blitz August 16 Early 2022"]
[White "Barrientos, Sergio E"]
[Black "Langner, Ladislav"]
[WhiteFideId "4401824"]
[BlackFideId "300403"]
[WhiteElo "2397"]
[BlackElo "2346"]
[Result "1-0"]
[Round "01"]
[TimeControl "180+2"]
[Date "2022.08.18"]
[WhiteClock "0:00:00"]
[BlackClock "0:00:00"]

1. d4 Nf6 2. c4 c5 3. Nf3 cxd4 4. Nxd4 g6 5. Nc3 Bg7 6. e4 d6 7. Nc2 b6 8. Be2 Bb7 9. f3 Nbd7 10. O-O Rc8 11. Be3 O-O 12. Rc1 Ne5 13. b3 Nfd7 14. Qd2 a6 15. Kh1 Bc6 16. f4 Nc5 17. fxe5 Bxe5 18. Bd4 Nxe4 19. Nxe4 Bxe4 20. Bxe5 dxe5 21. Qe3 Bxc2 22. Rxc2 Qd4 23. Rc3 Rfd8 24. h3 Qxe3 25. Rxe3 f6 26. Bf3 Rd2 27. a3 b5 28. Bb7 1-0


[Site "https://www.chess.com"]

[Event "Titled Tuesday Blitz August 16 Early 2022"]
[White "Bashirli, Saadat"]
[Black "Vrbljanac, Aleksandar"]
[WhiteFideId "13429990"]
[BlackFideId "932817"]
[WhiteElo "1173"]
[BlackElo "2309"]
[Result "0-1"]
[Round "01"]
[TimeControl "180+2"]
[Date "2022.08.18"]
[WhiteClock "0:00:00"]
[BlackClock "0:00:00"]

1. Nf3 d5 2. g3 g6 3. Bg2 Bg7 4. O-O e5 5. e3 Ne7 6. d4 e4 7. Nfd2 O-O 8. c4 c6 9. Nc3 Be6 10. c5 b6 11. b4 a5 12. bxa5 bxc5 13. Nb3 c4 14. Nc5 Qxa5 15. Bd2 Qd8 16. Qc2 Nd7 17. N3a4 Nxc5 18. Nxc5 Qd6 19. Rab1 Rfb8 20. Bb4 Qc7 21. a3 Bc8 22. Rb2 Nf5 23. Rfb1 Nd6 24. a4 Bf8 25. Ba3 Nb7 26. Bb4 Nxc5 27. dxc5 Bg7 28. Ra2 Ra7 29. a5 Rab7 30. Ra4 Rb5 31. h4 Ba6 32. Kh2 Bf8 33. Qc3 Bg7 34. Qd2 Qe5 35. Ra2 c3 36. Bxc3 Qxc3 37. Qxc3 Bxc3 38. Rc1 Be5 39. Rcc2 Rb2 40. Rcxb2 Rxb2 41. Rxb2 Bxb2 42. Bh3 f5 43. g4 Be5+ 44. Kg2 f4 45. exf4 Bd4 46. g5 Bxc5 47. Bd7 Bb7 48. a6 Ba8 49. a7 Bxa7 50. f3 Bb8 51. fxe4 Bxf4 52. exd5 cxd5 53. Kf2 Be5 54. Ke3 d4+ 55. Kd3 Bd5 56. Bb5 Kf7 57. Bd7 Ke7 58. Bh3 Kd6 59. Bc8 Kc5 60. h5 gxh5 61. Bf5 Bc4+ 62. Kd2 Bg8 63. g6 hxg6 64. Bxg6 h4 65. Bf5 Bf4+ 66. Kd3 Bd5 67. Bh3 Bg3 68. Kd2 Kd6 69. Kd3 Ke5 70. Bc8 Bg2 71. Ke2 h3 72. Bxh3 Bxh3 73. Kd3 Bf5+ 74. Kc4 d3 75. Kc3 Bf4 76. Kb3 d2 77. Kb4 d1=Q 78. Kb5 Qc2 79. Kb6 Be3+ 80. Kb7 Qc8# 0-1


[Site "https://www.chess.com"]

[Event "Titled Tuesday Blitz August 16 Early 2022"]
[White "Begunov, Konstantin"]
[Black "Kononenko, Dmitry"]
[WhiteFideId "4118510"]
[BlackFideId "14113538"]
[WhiteElo "2262"]
[BlackElo "2129"]
[Result "0-1"]
[Round "01"]
[TimeControl "180+2"]
[Date "2022.08.18"]
[WhiteClock "0:00:00"]
[BlackClock "0:00:00"]

1. d4 Nf6 2. c4 c5 3. Nf3 cxd4 4. Nxd4 g6 5. Nc3 d5 6. cxd5 Nxd5 7. g3 Bg7 8. Bg2 Nxc3 9. bxc3 O-O 10. O-O Qa5 11. Qb3 Nd7 12. Ba3 Re8 13. Bb4 Qb6 14. Rab1 Nc5 15. Qa3 Ne6 16. Bxe7 Qc7 17. Bd6 Qd8 18. Rfd1 Nxd4 19. cxd4 Rxe2 20. Be5 Bf5 21. Rbc1 Bxe5 22. dxe5 Qb6 23. Qc5 Qxc5 24. Rxc5 Rxa2 25. Bxb7 Re8 26. f4 a5 27. Rc7 Be6 28. Rdc1 a4 29. Bc8 Bxc8 30. Rxc8 Rxc8 31. Rxc8+ Kg7 32. Ra8 a3 33. Ra6 Kh6 34. Ra7 Kh5 35. Rxf7 Rb2 36. Ra7 a2 37. e6 Rb1+ 38. Kf2 a1=Q 39. Rxa1 Rxa1 40. Kf3 Re1 41. g4+ Kh6 42. f5 gxf5 43. gxf5 Kg5 44. e7 Rxe7 45. f6 Kxf6 0-1


[Site "https://www.chess.com"]

[Event "Titled Tuesday Blitz August 16 Early 2022"]
[White "Belov, Vladimir"]
[Black "Brozyna, Mateusz"]
[WhiteFideId "4132394"]
[BlackFideId "21816140"]
[WhiteElo "2501"]
[BlackElo "2030"]
[Result "1-0"]
[Round "01"]
[TimeControl "180+2"]
[Date "2022.08.18"]
[WhiteClock "0:00:00"]
[BlackClock "0:00:00"]

1. d4 d5 2. c4 c6 3. Nc3 Nf6 4. Nf3 e6 5. Bg5 Nbd7 6. e3 Qa5 7. cxd5 Nxd5 8. Qd2 h6 9. Bh4 Bb4 10. Rc1 O-O 11. Bd3 b6 12. a3 Bxc3 13. bxc3 Ba6 14. c4 Qxd2+ 15. Nxd2 N5f6 16. Ke2 c5 17. Nb3 Rac8 18. Rhd1 Bb7 19. f3 e5 20. Bf5 exd4 21. Bxf6 Nxf6 22. Bxc8 Rxc8 23. exd4 cxd4 24. Nxd4 Ba6 25. Nb5 Rc5 26. a4 g5 27. g4 Kg7 28. Nd6 Re5+ 29. Kf2 Ra5 30. Nf5+ Kg6 31. Rd6 h5 32. Ne7+ Kg7 33. Nd5 Nxd5 34. Rxd5 Rxa4 35. Rxg5+ Kf6 36. Rf5+ Kg6 37. Rxh5 Bxc4 38. Re5 Be6 39. h4 b5 40. Rxb5 Ra3 41. h5+ Kf6 42. g5+ Kg7 43. Rb7 Rxf3+ 44. Kxf3 Bd5+ 45. Kf4 Bxb7 46. Rc7 Bd5 47. Rxa7 Be6 48. Re7 Bd5 49. Kf5 Bc4 50. h6+ Kh7 51. Kf6 Kh8 52. Rxf7 Bxf7 53. Kxf7 Kh7 54. g6+ Kh8 55. g7+ Kh7 56. g8=Q+ Kxh6 57. Qg6# 1-0


[Site "https://www.chess.com"]

[Event "Titled Tuesday Blitz August 16 Early 2022"]
[White "Bintang, Rasyid A. Hidayat"]
[Black "Piesik, Piotr"]
[WhiteFideId "7105355"]
[BlackFideId "1136194"]
[WhiteElo "1820"]
[BlackElo "2221"]
[Result "1/2-1/2"]
[Round "01"]
[TimeControl "180+2"]
[Date "2022.08.18"]
[WhiteClock "0:00:00"]
[BlackClock "0:00:00"]

1. d4 c5 2. d5 e5 3. Nc3 d6 4. e4 Be7 5. a4 Bg5 6. Bxg5 Qxg5 7. Nf3 Qd8 8. Be2 Ne7 9. O-O O-O 10. Nd2 Nd7 11. Nc4 Nb6 12. a5 Nxc4 13. Bxc4 Ng6 14. g3 Ne7 15. Qh5 f5 16. f3 Bd7 17. Bb5 a6 18. Bxd7 Qxd7 19. Qh3 Qc7 20. Qg2 Rf6 21. f4 exf4 22. Rxf4 Raf8 23. Raf1 Qxa5 24. exf5 Rxf5 25. Rxf5 Rxf5 26. Rxf5 Nxf5 27. Qe4 g6 28. Qe6+ Kg7 29. g4 Qa1+ 30. Kg2 Qxb2 31. gxf5 Qxc3 32. Qe7+ Kh6 33. Qh4+ Kg7 34. Qe7+ Kh6 35. Qh4+ Kg7 36. Qe7+ 1/2-1/2


[Site "https://www.chess.com"]

[Event "Titled Tuesday Blitz August 16 Early 2022"]
[White "Bodnar, Nikolay"]
[Black "Kamsky, Gata"]
[WhiteFideId "14106469"]
[BlackFideId "2000024"]
[WhiteElo "2283"]
[BlackElo "2666"]
[Result "0-1"]
[Round "01"]
[TimeControl "180+1"]
[Date "2022.08.16"]
[WhiteClock "0:00:01"]
[BlackClock "0:00:33"]

1. c4 e5 2. g3 Nc6 3. Bg2 Bc5 4. Nc3 Nge7 5. e3 a6 6. Nge2 Ba7 7. d4 d6 8. a3 O-O 9. b4 Bf5 10. O-O Qc8 11. Re1 Bg4 12. Qd2 Re8 13. Kh1 Qf5 14. e4 Qh5 15. d5 Nd4 16. Nxd4 Bxd4 17. Qd3 f5 18. Ra2 Rf8 19. Be3 Bxc3 20. Qxc3 fxe4 21. Bxe4 Bf3+ 22. Bxf3 Qxf3+ 23. Kg1 b5 24. Rd2 Rfc8 25. Red1 h6 26. c5 Rf8 27. Qb3 Kh8 28. a4 Nf5 29. Qd3 bxa4 30. c6 Rab8 31. Rb2 Rb5 32. Ba7 Qxd3 33. Rxd3 Ra8 34. Be3 a5 35. Bd2 Nd4 36. Bc3 axb4 37. Bxd4 Rxd5 38. Rxb4 Rxd4 39. Rbxd4 exd4 40. Ra3 Kg8 41. Kf1 Kf7 42. Ke2 Ke6 43. Kd3 Kd5 44. g4 g5 45. h3 Ra6 46. Ra1 a3 47. Ra2 Ra4 48. f3 Kxc6 0-1


[Site "https://www.chess.com"]

[Event "Titled Tuesday Blitz August 16 Early 2022"]
[White "Borgaonkar Akshay"]
[Black "Martin, Lewis"]
[WhiteFideId "25639110"]
[BlackFideId "410551"]
[WhiteElo "1755"]
[BlackElo "2145"]
[Result "0-1"]
[Round "01"]
[TimeControl "180+2"]
[Date "2022.08.18"]
[WhiteClock "0:00:00"]
[BlackClock "0:00:00"]

1. Nf3 Nf6 2. d3 c5 3. g3 d5 4. Bg2 Nc6 5. O-O g6 6. Nbd2 Bg7 7. e4 dxe4 8. dxe4 O-O 9. Re1 Bg4 10. h3 Bxf3 11. Bxf3 Qd7 12. c3 Rad8 13. Bg2 Ne5 14. Qc2 Nd3 15. Rd1 b5 16. a4 a6 17. axb5 axb5 18. Ra6 Bh6 19. f4 Nh5 20. Nf1 c4 21. Be3 e5 22. Ra7 Qc8 23. f5 Bxe3+ 24. Nxe3 Qc5 25. Kh2 Qxe3 26. g4 Qxa7 27. gxh5 Qe3 28. Ra1 Ne1 29. Qc1 Nxg2 30. hxg6 Qxc1 31. Rxc1 Nf4 32. gxh7+ Kxh7 33. h4 Rg8 34. h5 Rd2+ 35. Kh1 Rd3 36. Rc2 Rh3+ 37. Rh2 Rgg3 38. f6 Rxh2+ 39. Kxh2 Rg2+ 40. Kh1 Rxb2 41. h6 b4 42. cxb4 c3 43. b5 0-1


[Site "https://www.chess.com"]

[Event "Titled Tuesday Blitz August 16 Early 2022"]
[White "Boros, Denes"]
[Black "Melaugh, Shane"]
[WhiteFideId "722340"]
[BlackFideId "2509580"]
[WhiteElo "2464"]
[BlackElo "1946"]
[Result "1-0"]
[Round "01"]
[TimeControl "180+1"]
[Date "2022.08.16"]
[WhiteClock "0:01:36"]
[BlackClock "0:00:11"]

1. e4 e6 2. b3 d5 3. Bb2 dxe4 4. Nc3 Nf6 5. Qe2 c5 6. Nxe4 Be7 7. Nf3 Nc6 8. O-O-O Nxe4 9. Qxe4 Bf6 10. d4 O-O 11. Bd3 g6 12. dxc5 Bxb2+ 13. Kxb2 Qa5 14. h4 Qxc5 15. h5 f5 16. Qf4 Qe7 17. hxg6 hxg6 18. Ng5 Qf6+ 19. Kb1 Ne5 20. Nh7 Qg7 21. Nxf8 Kxf8 22. Bb5 Nf7 23. Qb4+ Kg8 24. Be8 e5 25. Bxf7+ Qxf7 26. Rd8+ Kg7 27. Qh4 b5 28. Qh8# 1-0


[Site "https://www.chess.com"]

[Event "Titled Tuesday Blitz August 16 Early 2022"]
[White "Bortnyk, Olexandr"]
[Black "Dauner, Benedikt"]
[WhiteFideId "14120828"]
[BlackFideId "16225899"]
[WhiteElo "2723"]
[BlackElo "2256"]
[Result "1-0"]
[Round "01"]
[TimeControl "180+1"]
[Date "2022.08.16"]
[WhiteClock "0:02:03"]
[BlackClock "0:00:03"]

1. d4 Nf6 2. Nc3 d5 3. Bf4 c5 4. e4 cxd4 5. Qxd4 Nc6 6. Qa4 dxe4 7. Nb5 e5 8. Bxe5 Bb4+ 9. c3 O-O 10. Bxf6 Qxf6 11. cxb4 Qxb2 12. Rd1 Nxb4 13. Be2 Bg4 14. Qb3 Nc2+ 15. Kf1 Qxb3 16. axb3 Be6 17. Nc7 Bxb3 18. Nxa8 Rxa8 19. h4 a5 20. Rh3 a4 21. Rc3 g6 22. Nh3 Nb4 23. Rb1 Nd5 24. Rcc1 Kg7 25. g3 h6 26. Nf4 Nxf4 27. gxf4 Rb8 28. Bc4 Bxc4+ 29. Rxc4 b5 30. Rxa4 1-0


[Site "https://www.chess.com"]